 Dungeon Crawl Stone Soup version 0.29.1 (webtiles) character file.

Game seed: 6871644414351970823

809 pacmanke6689 the Slasher (level 7, -6/54 HPs)
             Began as a Demonspawn Fighter on Sept 15, 2022.
             Killed by divine providence
             ... invoked by an orc priest
              (15 damage)
             ... on level 4 of the Dungeon.
             The game lasted 00:07:46 (3402 turns).

pacmanke6689 the Slasher (Demonspawn Fighter)       Turns: 3402, Time: 00:07:47

Health: -6/54      AC:  8    Str: 17    XL:     7   Next: 61%
Magic:  7/7        EV:  8    Int:  9    God:
Gold:   45         SH: 13    Dex: 14    Spells: 6/6 levels left

rFire   . . .      SeeInvis .   a - +3 long sword
rCold   . . .      Faith    .   e - +0 kite shield
rNeg    . . .      Spirit   .   b - +0 scale mail
rPois   .          Reflect  .   d - +0 helmet
rElec   .          Harm     .   (no cloak)
rCorr   .          Rampage  .   (no gloves)
Will    .....                   (no boots)
Stlth   ..........              (no amulet)
HPRegen 0.18/turn               i - +4 ring of slaying
MPRegen 0.10/turn               (no ring)

@: no status effects
A: claws 2, large bone plates 1, powered by death 2
a: no special abilities


You were on level 4 of the Dungeon.
You visited 1 branch of the dungeon, and saw 4 of its levels.

You collected 135 gold pieces.
You spent 90 gold pieces at shops.

Inventory:

Hand Weapons
 a - a +3 long sword (weapon)
Armour
 b - a +0 scale mail (worn)
 c - a +2 buckler
 d - a +0 helmet (worn)
 e - a +0 kite shield (worn)
Jewellery
 i - a +4 ring of slaying (left claw)
 p - an amulet of regeneration
 r - a ring of protection from cold
Wands
 n - a wand of digging (8)
Scrolls
 g - 2 scrolls of fog
 k - a scroll of fear
 o - 2 scrolls of teleportation
Potions
 h - 2 potions of mutation
 j - a potion of resistance
 l - a potion of berserk rage {unknown}
 m - 2 potions of flight
 q - a potion of heal wounds {unknown}


   Skills:
 + Level 4.0 Fighting
 + Level 5.5 Long Blades
 + Level 4.1 Armour
 + Level 2.1 Dodging
 + Level 0.6 Stealth
 + Level 4.0 Shields


You had 6 spell levels left.
You didn't know any spells.
Your spell library was empty.

Dungeon Overview and Level Annotations

Branches:
Dungeon (4/15)
 Temple: D:4-7

Altars:
Ru
Wu Jian

Shops:
D:3 [

Annotations:
D:4 Menkaure


Innate Abilities, Weirdness & Mutations

You have very sharp fingernails.
You are partially covered in large bone plates. (SH +4)
You regenerate health from kills.


Message History

The orc is almost dead.
You block the orc's attack.
You closely miss the orc.
The orc is almost dead.
The orc closely misses you. You block the orc's attack.
The orc priest barely misses you.
You closely miss the orc.
The orc is severely wounded.
The orc priest hits you but does no damage.
The orc misses you.
You slash the orc!
You kill the orc!
You block the orc priest's attack.
You hit Menkaure.
Menkaure is lightly damaged.
The orc priest mumbles some strange prayers to Beogh against you.
Beogh smites you! Menkaure hits you!
The orc priest hits you from afar with a +0 trident.
You hit Menkaure but do no damage.
Menkaure is lightly damaged.
You block Menkaure's attack. The orc priest closely misses you.
You slash Menkaure!
Menkaure is severely damaged.
You block the orc priest's attack. You block Menkaure's attack.
You barely miss Menkaure.
Menkaure is severely damaged.
An orc comes into view. It is wielding a +0 mace.
Menkaure rustles, "Let me perform the rites..."
Menkaure hits you!
An orc comes into view. It is wielding a +0 flail.
You completely miss Menkaure.
Menkaure is severely damaged.
Menkaure hits you!
* * * LOW HITPOINT WARNING * * *
You closely miss Menkaure.
Menkaure is severely damaged.
Menkaure hits you but does no damage.
The orc priest invokes the aid of Beogh against you.
Beogh smites you!
You die...

#.....# #...##.. #.....#
......<. .
#.....##.#.###.. ..
###.....# ...... ...
#.......# ####.. ....
#.......# ...... .....
#.......########..
.....o####.#.........###
....ooM@...#.#######....
......######.# #####
..... #.# #### #.# #.#
#.# #.# #.#


You could see Menkaure, an orc priest, an orc wizard and an orc.

Vanquished Creatures
  Sigmund (D:3)
  2 ogres (D:4)
  A centaur (D:3)
  A phantom (D:4)
  A howler monkey (D:4)
  A hound (D:4)
  A gnoll bouda (D:4)
  An iguana (D:4)
  Terence (D:2)
  An orc wizard (D:3)
  6 gnolls
  2 adders (D:4)
  12 orcs
  6 endoplasms
  5 giant cockroaches
  8 goblins
  6 hobgoblins
  3 jackals (D:3)
  4 quokkas
  10 ball pythons
  4 bats
  3 frilled lizards
  7 kobolds
  3 rats (D:3)
90 creatures vanquished.

Vanquished Creatures (others)
  3 fungi (D:1)
  3 plants (D:1)
6 creatures vanquished.

Grand Total: 96 creatures vanquished

Notes
Turn   | Place    | Note
-------+----------+-------------------------------------------
     0 | D:1      | pacmanke6689 the Demonspawn Fighter began the quest for the
                  | Orb.
     0 | D:1      | Reached XP level 1. HP: 18/18 MP: 1/1
    10 | D:1      | Found a faded altar of an unknown god.
   216 | D:1      | Gained mutation: You have sharp fingernails. [demonic
                  | ancestry]
   216 | D:1      | Reached XP level 2. HP: 23/24 MP: 2/2
   342 | D:1      | Reached skill level 2 in Long Blades
   637 | D:1      | Gained mutation: You are partially covered in large bone
                  | plates. (SH +4) [demonic ancestry]
   637 | D:1      | Reached XP level 3. HP: 24/29 MP: 3/3
   842 | D:2      | Noticed Terence
   855 | D:2      | Killed Terence
  1649 | D:2      | You fall into a shaft and drop 2 floors!
  1673 | D:4      | Gained mutation: You have very sharp fingernails. [demonic
                  | ancestry]
  1673 | D:4      | Reached XP level 4. HP: 27/35 MP: 4/4
  1674 | D:4      | Reached skill level 3 in Long Blades
  1695 | D:4      | Gained mutation: You regenerate a little health from kills.
                  | [demonic ancestry]
  1695 | D:4      | Reached XP level 5. HP: 32/41 MP: 5/5
  1720 | D:4      | Noticed a phantom
  1726 | D:4      | Killed a phantom
  1746 | D:4      | Reached skill level 1 in Dodging
  1791 | D:4      | Noticed an ogre
  1799 | D:3      | Found an ornate altar of the Wu Jian Council.
  1872 | D:3      | Reached XP level 6. HP: 40/47 MP: 6/6
  1874 | D:3      | Reached skill level 4 in Long Blades
  2353 | D:3      | Found a sacrificial altar of Ru.
  2517 | D:3      | Noticed Sigmund
  2521 | D:3      | Killed Sigmund
  2522 | D:3      | Gained mutation: You regenerate health from kills. [demonic
                  | ancestry]
  2522 | D:3      | Reached XP level 7. HP: 53/53 MP: 7/7
  2578 | D:3      | Found Ocraz's Armour Emporium.
  2583 | D:3      | Bought a +0 helmet for 45 gold pieces
  2583 | D:3      | Bought a +0 kite shield for 45 gold pieces
  2672 | D:4      | Reached skill level 5 in Long Blades
  3389 | D:4      | Noticed Menkaure
  3402 | D:4      | Killed from afar by an orc priest

Illustrated notes

Levels and vault maps discovered:
D:1:      dreamdust_arrival_beginning_and_end, layout_rooms,
          shapermc_ecumenical_altar_gd, glass_columns_a,
          nicolae_figureground_sparkle
D:2:      layout_loops_corners, minmay_diced_spiral, uniq_terence
D:3:      layout_basic, mainiacjoe_overflow_surrounded_room,
          mainiacjoe_overflow_catwalk, serial_shops,
          nicolae_shop_hallway_stairs, roderic_lattice_a, uniq_sigmund
D:4:      layout_basic, uniq_menkaure

Skill      XL: |  1  2  3  4  5  6  7 |
---------------+----------------------+-----
Shields        | 3 4 |  4.0
Long Blades    | 2 3 4 5 |  5.5
Armour         | 3 4 |  4.1
Dodging        | 1 2 |  2.1
Fighting       | 4 |  4.0
Stealth        | |  0.6

Action                   |  1- 3 |  4- 6 |  7- 9 || total
-------------------------+-------+-------+-------++-------
Melee: Long sword        |   102 |    71 |    59 ||   232
  Use: Scroll            |     5 |       |    10 ||    15
       Potion            |       |     1 |     4 ||     5
Armor: Scale mail        |    48 |    25 |    12 ||    85
Dodge: Dodged            |    39 |    20 |    14 ||    73
Block: Buckler           |    51 |    40 |       ||    91
       Kite shield       |       |       |    39 ||    39
